 Dungeon Crawl Stone Soup version 0.18-a0-619-g89c329e (webtiles) character file.

66 Duffy the Skirmisher (level 3, -1/30 HPs)
             Began as a Minotaur Artificer on Dec 4, 2015.
             Slain by an orc
             ... wielding a +0 club
              (3 damage)
             ... on level 2 of the Dungeon.
             The game lasted 00:02:13 (2082 turns).

Duffy the Skirmisher (Minotaur Artificer)           Turns: 2082, Time: 00:02:14

Health: -1/30      AC:  6    Str: 15    XL:     3   Next: 96%
Magic:  4/4        EV: 10    Int: 10    God:
Gold:   120        SH:  0    Dex: 10    Spells: 0 memorised, 2 levels left

rFire  . . .     SeeInvis .     a - +0 short sword
rCold  . . .     Clarity  .     l - +0 scale mail
rNeg   . . .     SustAt   .     (no shield)
rPois  .         Gourm    .     (helmet restricted)
rElec  .         Spirit   .     (no cloak)
rCorr  .         Dismiss  .     (no gloves)
rMut   .         Stasis   .     (no boots)
MR     .....                    (no amulet)
Stlth  ..........               (no ring)
                                (no ring)

@: not resistant to hostile enchantments, extremely unstealthy
A: retaliatory headbutt, horns 2
a: no special abilities


You were on level 2 of the Dungeon.
You were not hungry.

You visited 1 branch of the dungeon, and saw 3 of its levels.

You collected 120 gold pieces.


Innate Abilities, Weirdness & Mutations

You reflexively headbutt those who attack you in melee.
You have a pair of horns on your head.


   Skills:
 + Level 2.8 Fighting
 - Level 1.5 Short Blades
 + Level 2.6 Armour
 - Level 2.5 Dodging
 - Level 1.0 Stealth
 - Level 2.6 Evocations


You had 2 spell levels left.
You didn't know any spells.

Inventory:

Hand Weapons
 a - a +0 short sword (weapon)
Armour
 b - a +0 leather armour
 l - a +0 scale mail (worn)
 q - a +0 chain mail
Wands
 c - a wand of flame (15)
 d - a wand of enslavement (15)
 e - a wand of random effects (15)
 o - a wand of flame (25)
Scrolls
 g - 2 scrolls of identify {unknown}
 h - a scroll of fear {unknown}
Potions
 i - a potion of haste {unknown}
 k - 2 potions of curing {unknown}
 m - a potion of cancellation {unknown}
 n - a potion of agility {unknown}
 p - a potion of resistance {unknown}
 r - a potion of ambrosia {unknown}
Comestibles
 f - 2 bread rations
 j - 3 fruits
 s - 2 chunks of flesh

Dungeon Overview and Level Annotations

Branches:
Dungeon (3/15)

Altars:


Message History

Eating one of 3 chunks of flesh.
This raw flesh tastes terrible.
You continue eating. x2
HP restored.
Done exploring.
There is a stone staircase leading down here.
You climb downwards.
The orc priest barely misses you. The orc barely misses you.
You furiously retaliate!
You headbutt the orc. The orc barely misses you. The orc hits you with a club.
The orc priest closely misses you.
There is a stone staircase leading up here.
The orc hits you with a trident. The orc hits you but does no damage.
The orc hits you with a club.
You climb upwards.
There is a stone staircase leading down here.
Your scale mail prevents you from hitting the orc.
The orc is heavily wounded.
The orc priest miscasts a cantrip.
The orc barely misses you. The orc hits you with a club.
The orc barely misses you.
You hit the orc.
You kill the orc!
The orc priest barely misses you. The orc hits you but does no damage.
The orc closely misses you.
You closely miss the orc priest. The orc priest hits you with a trident.
The orc closely misses you.
You barely miss the orc priest. Your headbutt misses the orc priest.
The orc closely misses you. The orc priest barely misses you.
You furiously retaliate!
You headbutt the orc priest! The orc hits you but does no damage.
You closely miss the orc priest. You headbutt the orc priest.
The orc priest is severely wounded.
The orc hits you with a flail.
The orc priest calls down the wrath of Beogh upon you.
Something smites you! The orc hits you with a club.
You die...

.......................##########
...............................##
##############.#.###'#.#######.##
###########'#.#.....#.....#.##
#.............#.#.....###.#'##
#.............#.#########.....
#.............#...............
#...........oo############....
#.........)..@o..........'....
#...........)#############....
#............# #....
############## #.... #.... #....
#####


You could see an orc priest and 2 orcs.

Action                   || total
-------------------------++-------
Melee: Short sword       ||   111
  Eat: Chunk             ||     4

Notes
Turn   | Place    | Note
--------------------------------------------------------------
     0 | D:1      | Duffy the Minotaur Artificer began the quest for the Orb.
     0 | D:1      | Reached XP level 1. HP: 16/16 MP: 1/1
   276 | D:1      | Reached skill level 1 in Stealth
   574 | D:1      | Reached XP level 2. HP: 23/23 MP: 3/3
   887 | D:1      | Reached skill level 2 in Fighting
  1098 | D:2      | Reached skill level 1 in Armour
  1103 | D:2      | Reached XP level 3. HP: 29/29 MP: 4/4
  1421 | D:2      | Reached skill level 2 in Armour
  2082 | D:2      | Slain by an orc

Vault maps used:
D:1:      ldierk_water_garden
D:3:      nicolae_overflow_hidden_temple, ecumenical_altar_1

Vanquished Creatures
  2 adders
  3 worms
  A giant gecko
  An orc
  6 bats
  A giant cockroach
  6 goblins
  7 hobgoblins
  4 kobolds
  2 giant newts
  3 rats
  4 toadstools
40 creatures vanquished.
